 Dungeon Crawl Stone Soup version 0.27.0-1-g7a089689b8 (webtiles) character file.

Game seed: 10427687101127892695

325990 GordonOverkill the Gelid (level 20, -14/97 HPs)
             Began as a Felid Necromancer on Aug 5, 2021.
             Was an Initiate of Gozag.
             Killed from afar by a quicksilver dragon (33 damage)
             ... with a bolt of dispelling energy
             ... on level 5 of the Depths on Aug 6, 2021.
             The game lasted 04:47:42 (104342 turns).

GordonOverkill the Gelid (Felid Necromancer)      Turns: 104342, Time: 04:47:43

Health: -14/97     AC:  3    Str:  4    XL:     20   Next: 75%
Magic:  6/42       EV: 35    Int: 29    God:    Gozag
Gold:   11530      SH:  0    Dex: 24    Spells: 8/53 levels left
                                        Lives:  0   Deaths: 6

rFire    + . .     SeeInvis +     - Unarmed
rCold    + . .     Faith    .   (shield unavailable)
rNeg     + . .     Spirit   .   (armour unavailable)
rPois    .         Reflect  .   (helmet unavailable)
rElec    .         Harm     .   (cloak unavailable)
rCorr    .         Rampage  .   (gloves unavailable)
Will     +++..                  (boots unavailable)
Stlth    +++.......             e - amulet of magic regeneration
HPRegen  0.26/turn              t - ring "Xiqurch" {rF+ rN+}
MPRegen  0.53/turn              v - ring "Milledd" {EV+4 Int+4 Dex+7}

@: gold aura, very slightly contaminated, quick
A: very small, claws 1, fangs 3, see invisible, speed 1, shaggy fur 3, stealthy
paws, no weapons or thrown items, no armour, multi-lived
}: 2/15 runes: decaying, gossamer
a: Renounce Religion, Potion Petition, Call Merchant, Bribe Branch


You were on level 5 of the Depths.
You worshipped Gozag.
Gozag was extremely pleased with you.
You visited 8 branches of the dungeon, and saw 41 of its levels.
You visited the Abyss 1 time.
You also visited: Ice Cave.

You collected 18691 gold pieces.
You spent 6680 gold pieces at shops.
You paid 481 gold pieces to Gozag.

Inventory:

Jewellery
 e - an amulet of magic regeneration (around neck)
 l - a ring of wizardry
 t - the ring "Xiqurch" (left paw) {rF+ rN+}
   (You took it off a yaktaur on level 4 of the Vaults)

   [ring of positive energy]

   rF:        It protects you from fire.
   rN:        It protects you from negative energy.
 v - the ring "Milledd" (right paw) {EV+4 Int+4 Dex+7}
   (You bought it in a shop on level 9 of the Dungeon)

   [ring of evasion]

   EV:        It affects your evasion (+4).
   Int:       It affects your intelligence (+4).
   Dex:       It affects your dexterity (+7).
 x - an amulet of reflection
 B - a +4 ring of protection
 D - a ring of resist corrosion
 H - a ring of magical power
 Q - a ring of protection from cold
 S - a +4 ring of protection
 W - a ring of poison resistance
Wands
 g - a wand of iceblast (22)
 i - a wand of flame (29)
 j - a wand of digging (1)
 m - a wand of polymorph (30)
 G - a wand of mindburst (43)
 P - a wand of paralysis (31)
 U - a wand of charming (3)
Scrolls
 a - 3 scrolls of vulnerability
 b - 6 scrolls of teleportation
 d - 3 scrolls of immolation
 r - 5 scrolls of magic mapping
 w - 30 scrolls of identify
 y - 2 scrolls of silence
 z - 7 scrolls of fear
 C - 6 scrolls of amnesia
 E - 3 scrolls of blinking
 M - a scroll of summoning
 T - 3 scrolls of holy word
Potions
 c - 2 potions of might
 f - 10 potions of curing
 k - a potion of magic
 n - 4 potions of brilliance
 o - 8 potions of resistance
 p - 5 potions of mutation
 q - 2 potions of heal wounds
 u - 2 potions of lignification
 A - a potion of invisibility
 F - 3 potions of haste
 I - a potion of cancellation
 K - 2 potions of berserk rage
 L - 5 potions of ambrosia
 O - 4 potions of flight
Miscellaneous
 s - a condenser vane
 R - a box of beasts


   Skills:
 + Level 15.5 Fighting
 + Level 13.2 Dodging
 - Level 5.0 Stealth
 + Level 11.0 Unarmed Combat
 - Level 17.0 Spellcasting
 - Level 10.0 Conjurations
 - Level 3.3 Summonings
 - Level 4.0 Necromancy
 - Level 12.0 Transmutations
 - Level 10.0 Fire Magic
 - Level 17.0 Ice Magic
 - Level 13.0 Earth Magic
 - Level 8.5 Evocations


You had 8 spell levels left.
You knew the following spells:

 Your Spells              Type           Power      Damage    Failure   Level
a - Irradiate             Conj/Tmut      36%        3d26      1%          5
b - Vampiric Draining     Necr           23%        2d9       1%          3
c - Petrify               Tmut/Erth      77%        N/A       1%          4
d - Bolt of Magma         Conj/Fire/Erth 36%        4d16      1%          5
e - Statue Form           Tmut/Erth      51%        N/A       1%          6
f - Blink                 Tloc           N/A        N/A       2%          2
g - Iron Shot             Conj/Erth      37%        9d7       2%          6
h - Ozocubu's Refrigerat  Ice            44%        4d13      1%          7
i - Dragon Form           Tmut           38%        N/A       11%         7

Your spell library contained the following spells:

 Spells                   Type           Power      Damage    Failure   Level
 Beastly Appendage        Tmut           100%       N/A       0%          1
 Freeze                   Ice            100%       1d11      0%          1
 Passwall                 Tmut/Erth      64%        N/A       0%          2
 Frozen Ramparts          Ice            100%       1d12      0%          3
 Ozocubu's Armour         Ice            89%        N/A       0%          3
 Animate Skeleton         Necr           94%        N/A       1%          1
 Pain                     Necr           100%       1d9       1%          1
 Sting                    Tmut/Pois      100%       1d8       1%          1
 Summon Small Mammal      Summ           100%       N/A       1%          1
 Ensorcelled Hibernation  Hex/Ice        100%       N/A       1%          2
 Sublimation of Blood     Necr           23%        N/A       1%          2
 Call Canine Familiar     Summ           43%        N/A       1%          3
 Dazzling Flash           Conj/Hex       100%       N/A       1%          3
 Spider Form              Tmut/Pois      28%        N/A       1%          3
 Hailstorm                Conj/Ice       80%        3d16      1%          4
 Leda's Liquefaction      Hex/Erth       29%        N/A       1%          4
 Blade Hands              Tmut           38%        N/A       1%          5
 Freezing Cloud           Conj/Ice/Air   33%        6-21      1%          5
 Metabolic Englaciation   Hex/Ice        32%        N/A       1%          5
 Poisonous Vapours        Pois/Air       48%        N/A       2%          2
 Slow                     Hex            24%        N/A       2%          2
 Summon Guardian Golem    Hex/Summ       34%        N/A       2%          3
 Animate Dead             Necr           23%        N/A       3%          4
 Simulacrum               Ice/Necr       35%        N/A       3%          6
 Yara's Violent Unravell  Hex/Tmut       28%        3d12      4%          5
 Confusing Touch          Hex            24%        N/A       5%          3
 Gell's Gravitas          Tloc           12%        N/A       5%          3
 Lesser Beckoning         Tloc           12%        N/A       5%          3
 Swiftness                Air            24%        N/A       5%          3
 Teleport Other           Tloc           24%        N/A       5%          3
 Agony                    Necr           47%        N/A       10%         5
 Cause Fear               Hex            12%        N/A       19%         4
 Olgreb's Toxic Radiance  Pois           24%        N/A       19%         4
 Manifold Assault         Tloc           24%        N/A       45%         5
 Silence                  Hex/Air        12%        N/A       45%         5
 Shadow Creatures         Summ           N/A        N/A       58%         6
 Storm Form               Tmut/Air       28%        N/A       78%         7
 Dispersal                Tloc           12%        N/A       95%         6
 Invisibility             Hex            12%        N/A       95%         6
 Dragon's Call            Summ           21%        N/A       100%        9
 Animate Armour           Summ/Erth      Unusable   N/A       N/A         4

Dungeon Overview and Level Annotations

Branches:
Dungeon (15/15)            Temple (1/1) D:4            Lair (6/6) D:9
  Swamp (4/4) Lair:4       Spider (4/4) Lair:3        Slime (0/5) Lair:6
    Orc (2/2) D:12            Elf (0/3) Orc:2        Vaults (4/5) D:13
  Crypt (0/3) Vaults:2     Depths (5/5) D:15          IceCv (visited)
    Zot: Depths:5

Altars:
Ashenzari
Cheibriados
Dithmenos
Elyvilon
Fedhas
Gozag
Hepliaklqana
Kikubaaqudgha
Makhleb
Nemelex Xobeh
Okawaru
Qazlal
Sif Muna
Trog
Uskayaw
Vehumet
Wu Jian
Xom
Zin
The Shining One
Beogh
Jiyva

Shops:
D:3 :*   D:7 (   D:8 [   D:9 ?!=*   D:13 ?(**(   D:14 ?   Orc:1 ?   Orc:2 *?:(!
Vaults:2 ?   Depths:2 ?

Portals:
Hell: Depths:1 Depths:2 Depths:3 Depths:4
Abyss: Depths:4
Pandemonium: Depths:1 Depths:2 Depths:3
Ziggurat: Depths:3

Annotations:
D:4 Grinder
D:6 Sigmund
D:7 exclusion: downstairs
D:8 2 transporters, exclusion: boulder beetle, suicideKingZ's ghost, novice DEWz
D:11 3 runed translucent doors, bande's ghost, journeyman GrFi
Lair:5 1 runed translucent door
Vaults:1 8 runed translucent doors, handsome's ghost, veteran OpWn
Vaults:2 3 runed translucent doors, Lolleill's ghost, adept DgTm
Depths:2 2 transporters


Innate Abilities, Weirdness & Mutations

You have sharp claws.
You have razor-sharp teeth.
You have supernaturally acute eyesight. (SInv)
You cover ground quickly. (Speed+)
Your thick and shaggy fur keeps you warm. (AC +3, rC+)
Your paws help you pounce on unaware monsters.
You are incapable of wielding weapons or throwing items.
You cannot wear armour.
You gain extra lives every three experience levels.


Message History

You erupt in a fountain of uncontrolled magic!
The purple draconian shifter is blasted with magical radiation!!!
The purple draconian shifter is heavily wounded.
The purple draconian shifter twists and deforms.
The white draconian is blasted with magical radiation!!
You kill the white draconian!
You are very lightly contaminated with residual magic.
The purple draconian shifter closely misses you.
Your Unarmed Combat skill increases to level 11!
Casting: Irradiate (mildly dangerous; 1% risk of failure)
Confirm with . or Enter, or press ? or * to list all spells.
You erupt in a fountain of uncontrolled magic!
The purple draconian shifter is blasted with magical radiation!!!
The purple draconian shifter is almost dead.
The purple draconian shifter twists and deforms.
The purple draconian shifter blinks!
The purple draconian shifter breathes dispelling energy at you.
The bolt of dispelling energy misses you.
Aiming: Iceblast
Press: ? - help, Shift-Dir - straight line, f - purple draconian shifter
Aim: a purple draconian shifter, wielding a +0 long sword and wearing a +0 cloak (almost dead, catching its breath, misshapen and mutated)
The mass of ice explodes!
The iceblast engulfs the purple draconian shifter!!
You kill the purple draconian shifter!
You hear a roar!
The quicksilver dragon roars deafeningly!
The quicksilver dragon breathes dispelling energy at you.
The bolt of dispelling energy misses you.
You revert to your normal fleshy form.
The quicksilver dragon is distracted by your dazzling golden aura.
The quicksilver dragon is no longer distracted by gold.
As you read the scroll of fog, it crumbles to dust.
The scroll dissolves into smoke.
The quicksilver dragon breathes dispelling energy at you.
The bolt of dispelling energy hits you!!
* * * LOW HITPOINT WARNING * * *
The quicksilver dragon breathes dispelling energy at you.
The bolt of dispelling energy hits you!!
You die...
Your body crumbles into a pile of gold.

.....##......##..........##..#
.................##..##......#
.........##......##..##.....<#
.....##..##D.....##..##......#
.....##..##......##..##......####
.....##..##......##..##..........
.....##..##......##..##.....[....
.....##..##...§§§§...##..........
..... #..##...§§@§...............
#..##....§§##..............
#........§$##.............. ..
#).........##..............
....##.)....##..##..........(...
#..$..$....##..##..............
#......)...##..##..............
#####......##..##....#####.....
#......##..##...## ##...#


You could see a quicksilver dragon (catching breath).

Vanquished Creatures
  2 juggernauts (Depths:3)
  A golden dragon (Depths:2)
  Nikola (Spider:3)
  Jorgrun (Orc:1)
  2 tentacled monstrosities (Vaults:4)
  3 liches
  Agnes (Spider:1)
  2 thorn hunters
  2 sphinxes
  2 storm dragons (Depths:4)
  Kirke (Spider:2)
  4 tengu reavers
  2 revenants (Vaults:2)
  A shadow dragon (Depths:4)
  10 fire giants
  9 frost giants
  Louise (Swamp:2)
  2 ghost moths (Spider:4)
  Aizul (Spider:3)
  10 vault wardens
  2 deep elf sorcerers
  A draconian shifter (Depths:5)
  2 orc warlords
  A deep elf elementalist (Depths:4)
  2 spriggan defenders (Depths:3)
  8 emperor scorpions
  3 war gargoyles
  14 ironbound preservers
  12 very ugly things
  A juggernaut skeleton (Depths:4)
  A green draconian (Depths:5)
  13 stone giants
  2 vampire knights
  6 entropy weavers
  4 bunyips
  A yellow draconian (Depths:5)
  11 spark wasps
  2 eidola (Vaults:2)
  2 white draconians
  5 crystal guardians
  2 eleionomae (Swamp:1)
  5 shambling mangroves
  A merfolk impaler (Depths:1)
  8 ettins
  11 great orbs of eyes
  15 yaktaur captains
  3 jiangshi (Depths:4)
  2 boulder beetles
  10 ice dragons
  7 fire dragons
  4 ironbound thunderhulks
  8 rakshasas
  5 peacekeepers
  4 ghost crabs
  3 vault guards
  A monstrous demonspawn (Depths:1)
  16 hydras
  A caustic shrike simulacrum (Depths:1)
  4 spriggan air magi
  11 centaur warriors
  2 ogre magi (Orc:1)
  3 deep troll shamans (Depths:3)
  A two-headed ogre (shapeshifter) (Depths:4)
  10 ironbound frosthearts
  A death knight (Vaults:2)
  7 tengu warriors
  10 two-headed ogres
  4 alligators
  A vampire mage (Depths:4)
  2 orc high priests
  7 deep troll earth magi
  4 ironbound beastmasters
  5 spriggan berserkers
  6 hell knights
  A fire crab (Lair:3)
  A titan skeleton (Depths:1)
  11 iron trolls
  3 goliath frogs
  A gelid demonspawn (Depths:1)
  A shadow demon (Depths:1)
  A deep elf archer (D:14)
  3 glowing orange brains
  2 golden dragon zombies (Depths:4)
  14 swamp dragons
  A salamander mystic (Depths:3)
  A torturous demonspawn (Depths:1)
  57 deep trolls
  2 phantasmal warriors
  7 ironbound convokers
  Pikel (D:5)
  3 wizards
  A deep elf pyromancer (D:14)
  5 harpies (Vaults:3)
  2 orange crystal statues
  7 necromancers
  6 bog bodies
  11 lindwurms
  8 orc sorcerers
  2 orc knights (Vaults:4)
  25 orb spiders
  37 wolf spiders
  3 will-o-the-wisps
  5 moths of wrath
  4 salamanders (Depths:3)
  40 ugly things
  A cyclops (shapeshifter) (Depths:1)
  4 cyclopes
  4 manticores
  A salamander (shapeshifter) (D:15)
  12 vault sentinels
  6 elephants
  5 black mambas
  A fire giant skeleton (Depths:4)
  A frost giant skeleton (Depths:4)
  A rust devil (Depths:1)
  2 ice statues (Swamp:3)
  A torpor snail (shapeshifter) (D:13)
  16 cane toads
  An unseen horror (D:12)
  A torpor snail (Spider:1)
  A rime drake (shapeshifter) (D:14)
  A spark wasp simulacrum (Depths:1)
  17 rime drakes
  3 tengu conjurers
  7 komodo dragons
  12 demonic crawlers
  38 yaktaurs
  A spriggan skeleton (Depths:1)
  18 polar bears
  7 trolls
  43 jumping spiders
  8 tyrant leeches
  7 meliai
  27 hornets
  2 spriggan zombies
  20 blink frogs
  4 dream sheep (Lair:5)
  20 slime creatures
  2 ettin zombies (Vaults:3)
  A frost giant simulacrum (Depths:4)
  A centaur simulacrum (D:14)
  11 spriggans
  A shadow (D:11)
  An ice dragon skeleton (Depths:1)
  A wraith (Vaults:2)
  82 redbacks
  30 tarantellas
  2 vampires
  A ynoxinul (Depths:2)
  2 fire elementals (Depths:3)
  21 yaks
  4 wyverns
  2 basilisks
  A fire bat (shapeshifter) (D:14)
  A fire bat (Lair:1)
  22 vampire mosquitoes
  A hog (Spider:3)
  Edmund (D:5)
  12 wargs
  14 swamp worms
  2 acid dragons
  11 water moccasins
  A floating eye (Depths:5)
  A black bear (shapeshifter) (D:14)
  2 deep troll simulacra (Depths:1)
  15 orc warriors
  7 swamp drakes
  2 human zombies
  15 wolves
  10 ogres
  8 centaurs
  Blork the orc (D:6)
  3 kobold brigands
  8 bullfrogs
  A glowing shapeshifter simulacrum (Depths:4)
  4 scorpions
  A water moccasin zombie (D:5)
  A hornet simulacrum (D:15)
  A water moccasin skeleton (D:4)
  2 human simulacra (Vaults:3)
  A howler monkey (D:4)
  An electric eel (Lair:2)
  3 centaur zombies
  16 orc priests
  3 hounds
  An iron imp (D:10)
  A gnoll shaman (D:8)
  An iguana (D:4)
  42 orc wizards
  A mummy (D:8)
  A howler monkey skeleton (D:7)
  10 adders
  14 gnolls
  4 river rats (D:6)
  An ufetubus (D:4)
  10 worms
  A dart slug (D:1)
  82 orcs
  13 endoplasms
  6 giant cockroaches
  14 goblins
  12 hobgoblins
  11 jackals
  17 kobolds
  A quokka (D:1)
  7 ball pythons
  9 bats
  2 orc zombies (D:8)
  10 rats
  3 briar patches (Swamp:1)
1502 creatures vanquished.

Vanquished Creatures (collateral kills)
  A sphinx (Vaults:4)
  An ironbound thunderhulk (Vaults:4)
  A redback (Vaults:4)
3 creatures vanquished.

Vanquished Creatures (others)
  An eleionoma (Swamp:4)
  A great orb of eyes (Vaults:2)
  2 dancing weapons (D:13)
  A spriggan druid (Swamp:2)
  A wizard (Vaults:4)
  A yaktaur (Vaults:4)
  2 bloated husks
  2 redbacks (Spider:3)
  3 tarantellas (Spider:3)
  A spriggan (Swamp:4)
  A human (Spider:3)
  An orc wizard (Orc:2)
  An orc (Orc:2)
  10 foxfires
  64 fungi
  108 plants
200 creatures vanquished.

Grand Total: 1705 creatures vanquished

Notes
Turn   | Place    | Note
-------+----------+-------------------------------------------
     0 | D:1      | GordonOverkill the Felid Necromancer began the quest for
                  | the Orb.
     0 | D:1      | Reached XP level 1. HP: 7/7 MP: 4/4
   510 | D:1      | Reached skill level 1 in Fighting
   511 | D:1      | Reached XP level 2. HP: 8/12 MP: 1/6
  1729 | D:1      | Reached XP level 3. HP: 12/16 MP: 5/8
  1733 | D:1      | Learned a level 3 spell: Vampiric Draining
  1893 | D:1      | Found a faded altar of an unknown god.
  2638 | D:2      | Reached XP level 4. HP: 8/20 MP: 2/9
  3630 | D:3      | Found Poani's Assorted Antiques.
  4009 | D:3      | Bought a murky puce potion for 18 gold pieces
  4009 | D:3      | Bought a scroll labelled INEN DUNOWE for 20 gold pieces
  4009 | D:3      | Bought a scroll labelled DEXUMM OSAGOWIAVOMN for 20 gold
                  | pieces
  4603 | D:3      | Reached XP level 5. HP: 22/24 MP: 8/11
  4863 | D:3      | Found Biorolal's Book Shop.
  5418 | D:3      | Found Biorolal's Book Shop.
  5468 | D:3      | Found Poani's Assorted Antiques.
  6323 | D:4      | Found a staircase to the Ecumenical Temple.
  6404 | Temple   | Entered the Ecumenical Temple
  6520 | Temple   | Became a worshipper of Gozag Ym Sagoz the Greedy
  6637 | D:4      | Noticed a phantom
  6643 | D:4      | Noticed Grinder
  6643 | D:4      | Paralysed by Grinder for 4 turns
  6998 | D:4      | Gained mutation: You are covered in thick fur. (AC +2)
                  | [Felid growth]
  6998 | D:4      | Reached XP level 6. HP: 24/28 MP: 8/13
  7594 | D:5      | Entered Level 5 of the Dungeon
  8262 | D:5      | Noticed Edmund
  8342 | D:5      | Killed Edmund
  8343 | D:5      | Reached skill level 5 in Fighting
  8343 | D:5      | Reached skill level 5 in Spellcasting
  8343 | D:5      | Reached XP level 7. HP: 21/33 MP: 3/15
  8668 | D:5      | Noticed Pikel
  8753 | D:5      | Killed Pikel
  8754 | D:5      | Reached XP level 8. HP: 23/39 MP: 5/18
  8767 | D:6      | Noticed Blork the orc
 10256 | D:6      | Killed Blork the orc
 10645 | D:6      | Noticed a troll
 10742 | D:6      | Learned a level 6 spell: Shadow Creatures
 11674 | D:6      | Reached skill level 1 in Summonings
 11740 | D:7      | Found Etzuad Miho's Weapon Shoppe.
 12158 | D:7      | Reached skill level 5 in Stealth
 12406 | D:3      | Bought the Grimoire of Ashen Changing for 390 gold pieces
 12412 | D:3      | Learned a level 5 spell: Bolt of Magma
 13156 | D:5      | Reached skill level 1 in Earth Magic
 14291 | D:6      | Reached skill level 1 in Conjurations
 14291 | D:6      | Reached skill level 1 in Fire Magic
 14414 | D:6      | Noticed Sigmund
 14550 | D:7      | Reached XP level 9. HP: 23/43 MP: 7/20
 15925 | D:8      | Found a shimmering blue altar of Sif Muna.
 15925 | D:8      | Found a white marble altar of Elyvilon.
 16298 | D:8      | Found a transporter.
 16300 | D:8      | Found a transporter.
 16301 | D:8      | Noticed suicideKingZ's ghost (novice DEWz)
 16308 | D:8      | Reached skill level 1 in Evocations
 16596 | D:8      | Noticed a boulder beetle
 16790 | D:8      | Found Veklusok's Antique Armour Boutique.
 17791 | D:8      | Found a transporter.
 17796 | D:8      | Found a transporter.
 17879 | D:8      | Found a white marble altar of Elyvilon.
 17887 | D:8      | Found a shimmering blue altar of Sif Muna.
 18034 | D:8      | Found Veklusok's Antique Armour Boutique.
 20280 | D:9      | Found Uskoramp's Magic Scroll Emporium.
 20288 | D:9      | Bought a scroll of blinking for 97 gold pieces
 20288 | D:9      | Bought a scroll of magic mapping for 45 gold pieces
 20290 | D:9      | Bought a scroll of identify for 26 gold pieces
 20290 | D:9      | Bought a scroll of identify for 26 gold pieces
 20318 | D:9      | Found Feure's Distillery.
 20326 | D:9      | Bought a potion of heal wounds for 85 gold pieces
 20326 | D:9      | Bought a potion of mutation for 136 gold pieces
 20326 | D:9      | Bought a potion of haste for 170 gold pieces
 20553 | D:9      | Noticed a troll
 20918 | D:9      | Found Tiaq's Assorted Antiques.
 20976 | D:9      | Found Gurr's Jewellery Shoppe.
 21022 | D:9      | Found a staircase to the Lair.
 21450 | D:10     | Entered Level 10 of the Dungeon
 21689 | D:10     | Found a radiant altar of Vehumet.
 21782 | D:10     | Found a snail-covered altar of Cheibriados.
 22508 | D:10     | Noticed a deep elf pyromancer
 22603 | D:11     | Noticed a komodo dragon
 22655 | D:11     | Killed a komodo dragon
 22929 | D:11     | Noticed a manticore
 23005 | D:11     | Slain by a vampire mosquito
 23006 | D:11     | Reached XP level 8. HP: -2/40 MP: 6/19
 23038 | D:11     | Reached XP level 9. HP: 43/43 MP: 14/20
 23269 | D:11     | Found a runed translucent gate.
 23269 | D:11     | Found a runed translucent gate.
 23269 | D:11     | Found a runed translucent gate.
 23272 | D:11     | Found a viscous altar of Jiyva.
 23272 | D:11     | Noticed bande's ghost (journeyman GrFi)
 23697 | D:10     | Noticed a jumping spider
 23697 | D:10     | a deep elf pyromancer changed into a jumping spider
 23907 | Lair:1   | Entered Level 1 of the Lair of Beasts
 24287 | Lair:1   | Noticed a cane toad
 24288 | Lair:1   | a cane toad changed into a fire bat
 24460 | Lair:1   | Noticed a cane toad
 24636 | Lair:1   | Noticed a four-headed hydra
 24639 | Lair:1   | Noticed a cane toad
 24671 | Lair:1   | Killed a cane toad
 25096 | Lair:1   | Killed a cane toad
 25097 | Lair:1   | Reached skill level 5 in Fire Magic
 25097 | Lair:1   | Reached skill level 5 in Earth Magic
 25239 | Lair:1   | Reached skill level 5 in Conjurations
 25630 | Lair:1   | Killed a four-headed hydra
 25631 | Lair:1   | Reached XP level 10. HP: 28/47 MP: 1/21
 27448 | Lair:2   | Noticed a seven-headed hydra
 27574 | Lair:2   | Killed a seven-headed hydra
 27689 | Lair:2   | Learned a level 6 spell: Statue Form
 27705 | Lair:2   | Noticed a cane toad
 27716 | Lair:2   | Killed a cane toad
 28234 | Lair:2   | Noticed a black mamba
 28238 | Lair:2   | Killed a black mamba
 28239 | Lair:2   | Reached skill level 1 in Transmutations
 28657 | Lair:2   | Got the Papyrus of the Oath
 29111 | Lair:3   | Noticed a cane toad
 29114 | Lair:3   | Killed a cane toad
 29256 | Lair:3   | Noticed a cane toad
 29259 | Lair:3   | Killed a cane toad
 29260 | Lair:3   | Reached XP level 11. HP: 50/50 MP: 11/22
 29961 | Lair:3   | Noticed an eight-headed hydra
 30123 | Lair:3   | Noticed a fire crab
 30137 | Lair:3   | Killed a fire crab
 30199 | Lair:3   | Killed an eight-headed hydra
 31531 | Lair:3   | Found a hole to the Spider Nest.
 31850 | Lair:2   | HP: 1/50 [demonic crawler (11)]
 31857 | Lair:2   | Slain by a demonic crawler
 31858 | Lair:2   | Reached XP level 10. HP: -3/47 MP: 3/21
 32502 | Lair:4   | Noticed an elephant
 32505 | Lair:4   | Noticed an elephant
 32507 | Lair:4   | Noticed an elephant
 32837 | Lair:4   | Noticed a cane toad
 33366 | Lair:3   | Killed a cane toad
 33367 | Lair:3   | Reached skill level 5 in Transmutations
 33543 | Lair:3   | Found a hole to the Spider Nest.
 33983 | Lair:4   | Noticed a black mamba
 33990 | Lair:4   | Killed a black mamba
 34375 | Lair:4   | Noticed a cane toad
 34385 | Lair:4   | a cane toad changed into a meliai
 34387 | Lair:4   | Reached XP level 11. HP: 9/50 MP: 2/22
 35711 | Lair:4   | Noticed a five-headed hydra
 35719 | Lair:4   | Slain by a five-headed hydra
 35720 | Lair:4   | Reached XP level 10. HP: -1/47 MP: 18/21
 35852 | Lair:4   | Noticed a five-headed hydra
 35865 | Lair:4   | Killed a five-headed hydra
 36300 | Lair:4   | Killed a five-headed hydra
 36507 | Lair:4   | Found a staircase to the Swamp.
 36920 | Lair:5   | Found a runed translucent door.
 36926 | Lair:5   | Noticed a cane toad
 36930 | Lair:5   | Killed a cane toad
 37049 | Lair:5   | Reached XP level 11. HP: 50/50 MP: 6/22
 38620 | Lair:5   | Noticed a four-headed hydra
 38646 | Lair:5   | Killed a four-headed hydra
 39416 | Lair:5   | Noticed a fire crab
 39430 | Lair:6   | Entered Level 6 of the Lair of Beasts
 39454 | Lair:6   | Noticed a catoblepas
 40606 | Lair:5   | Found a runed translucent door.
 41456 | Lair:6   | Found a staircase to the Slime Pits.
 42237 | Lair:6   | Gained mutation: Your thick and shaggy fur keeps you warm.
                  | (AC +3, rC+) [Felid growth]
 42237 | Lair:6   | Reached XP level 12. HP: 54/54 MP: 11/23
 42246 | Lair:6   | Reached skill level 1 in Unarmed Combat
 42825 | Lair:6   | Noticed a five-headed hydra
 43337 | D:9      | Bought the ring "Milledd" {EV+4 Int+4 Dex+7} for 1057 gold
                  | pieces
 43337 | D:9      | Bought an amulet of reflection for 480 gold pieces
 43406 | D:9      | Bought a scroll of teleportation for 39 gold pieces
 43406 | D:9      | Bought a scroll of teleportation for 39 gold pieces
 43406 | D:9      | Bought a scroll of teleportation for 39 gold pieces
 43655 | D:11     | Noticed a two-headed ogre
 44014 | D:11     | Killed a two-headed ogre
 44395 | D:12     | Noticed a two-headed ogre
 44406 | D:12     | Killed a two-headed ogre
 45629 | D:12     | Found a staircase to the Orcish Mines.
 45688 | Orc:1    | Entered Level 1 of the Orcish Mines
 45689 | Orc:1    | Noticed Jorgrun
 45800 | D:13     | Found Xunoupul's Weapon Boutique.
 45803 | D:13     | Noticed a centaur warrior
 45965 | D:15     | Entered Level 15 of the Dungeon
 46217 | D:13     | Noticed a centaur warrior
 46230 | D:13     | Killed a centaur warrior
 46639 | D:13     | Found a gate to the Vaults.
 47093 | D:13     | Learned a level 2 spell: Blink
 47095 | D:13     | Found Vaekkux's Weapon Boutique.
 47183 | D:13     | Found Worphayj's Magic Scroll Shop.
 47196 | D:13     | Bought a scroll of blinking for 105 gold pieces
 47225 | D:13     | Reached skill level 10 in Earth Magic
 47307 | D:13     | Found Urowoij's Assorted Antiques.
 47311 | D:13     | Reached XP level 13. HP: 59/59 MP: 8/24
 47435 | D:13     | Found Sueschiu's Assorted Antiques.
 47438 | D:13     | Bought a potion of heal wounds for 110 gold pieces
 47601 | D:13     | Reached skill level 10 in Conjurations
 47601 | D:13     | Reached skill level 10 in Fire Magic
 47886 | D:13     | Reached skill level 5 in Dodging
 48463 | D:14     | Found Pierph's Magic Scroll Boutique.
 48471 | D:14     | Bought a scroll of fear for 52 gold pieces
 48471 | D:14     | Bought a scroll of fear for 52 gold pieces
 48860 | D:14     | Found a broken altar of Ashenzari.
 48869 | D:14     | Learned a level 5 spell: Irradiate
 48874 | D:14     | Learned a level 4 spell: Petrify
 49056 | D:14     | Reached skill level 5 in Unarmed Combat
 51101 | D:14     | Found a broken altar of Ashenzari.
 51150 | D:14     | Found Pierph's Magic Scroll Boutique.
 52359 | D:15     | Noticed a fire dragon
 52578 | D:15     | Found a staircase to the Depths.
 52669 | D:15     | Killed a fire dragon
 53328 | D:15     | Reached skill level 10 in Fighting
 53661 | D:13     | Bought a condenser vane for 1160 gold pieces
 53802 | Orc:1    | Reached XP level 14. HP: 66/66 MP: 3/26
 53804 | Orc:1    | Killed Jorgrun
 54692 | Orc:1    | Found Tiham's Magic Scroll Boutique.
 55434 | Orc:2    | Entered Level 2 of the Orcish Mines
 56176 | Orc:2    | Noticed an orc warlord
 56250 | Orc:2    | Found a staircase to the Elven Halls.
 56958 | Orc:2    | Killed an orc warlord
 57124 | Orc:2    | Found an iron altar of Okawaru.
 57391 | Orc:2    | Found Nehymox's Distillery.
 57424 | Orc:1    | Reached skill level 5 in Evocations
 59743 | Orc:2    | Found Mafa's Book Shop.
 59743 | Orc:2    | Found Enkuhoah's Weapon Shoppe.
 59843 | Orc:2    | Bought Ozywkon Hoas's Volume of Snow for 448 gold pieces
 59843 | Orc:2    | Bought a book of the Dragon for 736 gold pieces
 59843 | Orc:2    | Identified a scroll of acquirement
 59844 | Orc:2    | Acquired a book of Iron
 60242 | Orc:2    | Found Yfais Giaso's General Store.
 60242 | Orc:2    | Found Ifiz Kyl's Magic Scroll Shoppe.
 60423 | Orc:2    | Bought a potion of invisibility for 80 gold pieces
 60423 | Orc:2    | Bought a scroll of amnesia for 35 gold pieces
 60432 | Orc:2    | Bought a scroll of fear for 45 gold pieces
 60432 | Orc:2    | Bought a scroll of blinking for 97 gold pieces
 60432 | Orc:2    | Bought a scroll of amnesia for 45 gold pieces
 60740 | Orc:2    | Bought a potion of haste for 140 gold pieces
 60740 | Orc:2    | Bought a potion of heal wounds for 70 gold pieces
 60740 | Orc:2    | Bought a potion of brilliance for 56 gold pieces
 60740 | Orc:2    | Bought a potion of resistance for 140 gold pieces
 60740 | Orc:2    | Bought a potion of curing for 42 gold pieces
 61266 | Spider:1 | Entered Level 1 of the Spider Nest
 62689 | Spider:1 | Noticed Agnes
 62701 | Spider:1 | Killed Agnes
 62702 | Spider:1 | Reached skill level 10 in Dodging
 62702 | Spider:1 | Reached XP level 15. HP: 70/70 MP: 18/28
 64060 | Spider:1 | Reached skill level 10 in Spellcasting
 66146 | Spider:2 | Learned a level 6 spell: Iron Shot
 66301 | Spider:4 | Entered Level 4 of the Spider Nest
 66378 | Spider:3 | Noticed Nikola
 66493 | Spider:3 | Killed Nikola
 66763 | Spider:3 | Noticed Aizul
 66785 | Spider:3 | Killed Aizul
 67143 | Spider:3 | Reached XP level 16. HP: 76/76 MP: 15/31
 67444 | Spider:3 | Noticed Kirke
 67456 | Spider:2 | Killed Kirke
 70498 | Spider:4 | Got a gossamer rune of Zot
 70574 | Spider:4 | Reached skill level 10 in Unarmed Combat
 71084 | Swamp:1  | Entered Level 1 of the Swamp
 71545 | Swamp:1  | Reached XP level 17. HP: 71/83 MP: 10/32
 72542 | Swamp:2  | Reached skill level 1 in Ice Magic
 73051 | Swamp:2  | Noticed Louise
 73087 | Swamp:2  | Killed Louise
 73614 | Swamp:3  | Found a frozen archway.
 73928 | IceCv    | Entered an ice cave
 74692 | IceCv    | Reached skill level 15 in Fighting
 74922 | IceCv    | Reached skill level 5 in Ice Magic
 77324 | Swamp:4  | Entered Level 4 of the Swamp
 78171 | Swamp:4  | Reached XP level 18. HP: 89/89 MP: 16/33
 78976 | Swamp:4  | Got a decaying rune of Zot
 79320 | Vaults:1 | Entered Level 1 of the Vaults
 79774 | Vaults:1 | Found a large runed translucent door.
 79774 | Vaults:1 | Found a large runed translucent door.
 79774 | Vaults:1 | Found a large runed translucent door.
 79774 | Vaults:1 | Found a large runed translucent door.
 79774 | Vaults:1 | Noticed handsome's ghost (veteran OpWn)
 79775 | Vaults:1 | Found a large runed translucent door.
 79775 | Vaults:1 | Found a large runed translucent door.
 79775 | Vaults:1 | Found a large runed translucent door.
 79775 | Vaults:1 | Found a large runed translucent door.
 79835 | Vaults:1 | Reached skill level 10 in Transmutations
 79865 | Vaults:1 | Reached skill level 10 in Ice Magic
 82481 | Vaults:2 | Found Leing's Magic Scroll Shoppe.
 82486 | Vaults:2 | Bought a scroll of teleportation for 51 gold pieces
 82486 | Vaults:2 | Bought a scroll of magic mapping for 59 gold pieces
 82486 | Vaults:2 | Bought a scroll of holy word for 127 gold pieces
 83300 | Vaults:2 | Found a staircase to the Crypt.
 83533 | Vaults:2 | Reached XP level 19. HP: 70/93 MP: 7/35
 84053 | Vaults:2 | Found a runed translucent gate.
 84053 | Vaults:2 | Found a runed translucent gate.
 84054 | Vaults:2 | Found a runed translucent gate.
 84055 | Vaults:2 | Noticed Lolleill's ghost (adept DgTm)
 84078 | Vaults:2 | Learned a level 7 spell: Ozocubu's Refrigeration
 85277 | Vaults:3 | Killed from afar by a crystal guardian
 85278 | Vaults:3 | Reached XP level 18. HP: -3/115 MP: 5/35
 87888 | Vaults:4 | Paralysed by a great orb of eyes for 2 turns
 88126 | Vaults:4 | Reached XP level 19. HP: 93/93 MP: 10/37
 88292 | Vaults:4 | HP: 6/120 [entropy weaver (8)]
 89322 | Vaults:4 | Identified the ring "Xiqurch" {rF+ rN+}
 90093 | Depths:1 | Entered Level 1 of the Depths
 90733 | Depths:2 | Noticed a golden dragon
 92121 | Depths:1 | Found a one-way gate leading to the halls of Pandemonium.
 92209 | Depths:1 | Learned a level 7 spell: Dragon Form
 93627 | Depths:1 | You fall into a shaft and drop 1 floor!
 93709 | Depths:1 | Found a gateway to Hell.
 94113 | Depths:2 | Reached skill level 15 in Spellcasting
 94113 | Depths:2 | Reached skill level 15 in Ice Magic
 94206 | Depths:2 | Killed a golden dragon
 94387 | Depths:2 | Reached XP level 20. HP: 97/97 MP: 22/40
 94441 | Depths:2 | Found a transporter.
 94703 | Depths:2 | Acquired 575 gold pieces
 94733 | Depths:2 | Found a transporter.
 95631 | Depths:2 | Found Rinysok's Magic Scroll Shop.
 95631 | Depths:2 | You fall into a shaft and drop 2 floors!
 95919 | Depths:4 | Slain by a spark wasp
 95920 | Depths:4 | Reached XP level 19. HP: -4/93 MP: 10/39
 96514 | Depths:3 | Found a gateway to a ziggurat.
 97332 | Depths:3 | Noticed a juggernaut
 97457 | Depths:3 | Noticed a juggernaut
 97462 | Depths:3 | Slain by a juggernaut
 97463 | Depths:3 | Reached XP level 18. HP: -2/89 MP: 9/39
 97905 | Depths:3 | Found a gateway to a ziggurat.
 98146 | Depths:3 | Reached XP level 19. HP: 93/93 MP: 40/40
 98157 | Depths:3 | Killed a juggernaut
 99180 | Depths:3 | Killed a juggernaut
 99376 | Depths:3 | Reached XP level 20. HP: 97/97 MP: 19/41
 99646 | Depths:3 | Cast into level 2 of the Abyss (a deep elf sorcerer)
 99674 | Depths:3 | Escaped the Abyss
 99794 | Depths:2 | Bought a scroll of magic mapping for 49 gold pieces
 99794 | Depths:2 | Bought a scroll of blinking for 105 gold pieces
 99794 | Depths:2 | Bought a scroll of amnesia for 49 gold pieces
 99794 | Depths:2 | Bought a scroll of fear for 49 gold pieces
 99794 | Depths:2 | Bought a scroll of magic mapping for 49 gold pieces
 99794 | Depths:2 | Bought a scroll of teleportation for 42 gold pieces
101136 | Depths:5 | Entered Level 5 of the Depths
102483 | Depths:4 | Found a one-way gate to the infinite horrors of the Abyss.
103542 | Depths:4 | Found a one-way gate to the infinite horrors of the Abyss.
104342 | Depths:5 | Killed from afar by a quicksilver dragon

Illustrated notes

Levels and vault maps discovered:
D:1:      giann_horns, layout_basic, ebering_ecumenical_altar_mist
D:2:      layout_rooms
D:3:      layout_basic, serial_shops, shop, shop, kennysheep_orc_chapel
D:4:      layout_basic, minmay_temple_entry_glass, uniq_grinder
D:5:      layout_basic, hangedman_decor_diamond_cutter, uniq_pikel, uniq_edmund
D:6:      layout_basic, general_overflow_altar, lightli_sewer_entry_pipes,
          uniq_blork_the_orc, uniq_maggie, uniq_duvessa, uniq_sigmund
D:7:      layout_cave_pools, enter_bailey_5, serial_shops, shop, serial_rivers,
          chequers_serial_rivers_micro_b, chequers_serial_rivers_marsh,
          chequers_serial_rivers_small_3, chequers_serial_rivers_room_b,
          chequers_serial_rivers_room_a, chequers_serial_rivers_small_a,
          kennysheep_generic_room_7
D:8:      layout_loops_ring, gammafunk_temple_overflow_pools,
          jmf_multi_god_temple, nicolae_ossuary_entry_giza,
          gammafunk_ghost_mausoleum, nicolae_inconvenience_store
D:9:      layout_basic, lair_entry_dummy, serial_shops, shop, shop_statue, shop,
          nicolae_shop_window_shopping
D:10:     layout_grid_maze, lemuel_round_altar, slow_altar_1
D:11:     layout_rooms, gammafunk_ghost_ooze
D:12:     layout_cave_pods, orc_0_dummy
D:13:     layout_rooms, erik_vaults_1, serial_shops, shop,
          nicolae_shop_window_shopping, kennysheep_mini, nicolae_shop_crystal,
          nicolae_take_the_stairs, gauntlet_entry_generic, feat_on_display
D:14:     minmay_slanted_spiral_squares, layout_cave_pools,
          nicolae_ashenzari_panopticon, serial_shops, nicolae_diamond_shop
D:15:     grunt_enter_depths_hoard, layout_irregular_city
Temple:   regret_index_temple_waves
Lair:1:   layout_regular_city
Lair:2:   layout_concentric_octagons, serial_bayou_lake_a
Lair:3:   layout_cave_pods, nicolae_spider_entry_non_spiders
Lair:4:   layout_loops_ring, palyth_hydra_swamp_entry, grunt_megastairs_5
Lair:5:   gammafunk_mikee_crab_dinner, layout_regular_city
Lair:6:   wormcave, layout_gridlike, hangedman_lair_caniforms_friends,
          slime_dummy, enter_volcano_2, serial_bayou_shore_a
Swamp:1:  layout_basic_swamp, evilmike_swamp_ruin_house_3
Swamp:2:  layout_falls_marsh, infiniplex_staircase_pool_2, uniq_louise
Swamp:3:  layout_basic_swamp, portal_ice_cave_entry_ice_statue_two,
          nicolae_swamp_some_circles, swamp_pool1
Swamp:4:  swamp_alternative, layout_basic_swamp
Spider:1: layout_spider_delve, drop_trap, uniq_agnes
Spider:2: layout_spider_delve
Spider:3: layout_spider_delve, drop_trap, nicolae_spider_scorpion_nest,
          uniq_aizul, uniq_nikola, uniq_kirke
Spider:4: grunt_spider_rune_parallel
Orc:1:    layout_caves, serial_shops, shop, uniq_jorgrun
Orc:2:    st_orc_town, layout_caves, serial_shops, shop_fountains,
          okawaru_metal_pillars_1_2
Vaults:1: advil_vaults_ghost_lines, nicolae_vaults_little_squares_3,
          ontoclasm_vaults_decontamination, vaults_mumra_hexcomb,
          vaults_dpeg_ring, grunt_vaults_funnel, vaults_mumra_lcd,
          layout_vaults_omnigrid
Vaults:2: gammafunk_vaults_ghost_spectres, ontoclasm_vaults_fault,
          minmay_crypt_entry_simple_corners, hangedman_vaults_nails,
          nicolae_vaults_little_squares_6, v_misc_15, grunt_vaults_twisty,
          vaults_mumra_minichess_inversion, v_alt_pattern_2,
          nicolae_vaults_border_crossing, ontoclasm_vaults_eye, v_misc_13,
          layout_vaults_big_room, serial_shops, shop
Vaults:3: v_rooms_4, vaults_room_large_hall, ontoclasm_vaults_spin, v_misc_17,
          v_misc_2, v_misc_9, nicolae_vaults_three_branches, v_rooms_3,
          vaults_mumra_chevron_long, nicolae_vaults_statue_guard,
          vaults_room_pools, vaults_room_pool, layout_vaults_omnicross
Vaults:4: v_misc_26, grunt_vaults_hallway_short, nicolae_vaults_network_s,
          st_more_cells, hangedman_vaults_maws, v_misc_19,
          nicolae_vaults_alarming, nicolae_vaults_triangles,
          nicolae_vaults_theta, hangedman_vaults_maws, vaults_dpeg_cross,
          nicolae_vaults_little_squares_5, layout_vaults_ring
Depths:1: layout_honeycomb, pf_coc_iceberg, serial_rivers,
          chequers_serial_rivers_micro_c, chequers_serial_rivers_large_a,
          chequers_serial_rivers_marsh, chequers_serial_rivers_small_3,
          chequers_serial_rivers_marsh, serial_bayou_shore_b,
          rand_demon_pan_entry_4, grunt_potential
Depths:2: gammafunk_dig_for_victory, layout_cave_shapes, rand_demon_pan_entry_5,
          serial_shops, nicolae_square_shop, nrook_mini_backslash, hell_entry,
          infiniplex_staircase_pillars_3b
Depths:3: hangedman_stitches_corridor, layout_basic, enter_ziggurat_d,
          hell_entry, hangedman_abyss_or_decor_jellyfish_corner, pan_entry,
          uniq_margery
Depths:4: minmay_glassy_protrusions, layout_basic, hex_medium, hell_entry,
          abyss_entry_crystal, infiniplex_staircase_star
Depths:5: grunt_crosshair, layout_long_grid, corexii_leaking_fountain,
          grunt_hell_entry_dis_mu, minivault_15, minmay_shop_star

Skill      XL: |  1  2  3  4  5  6  7  8  9 10 11 12 13 14 15 16 17 18 19 20 |
---------------+-------------------------------------------------------------+-----
Fighting       | 1 2 3 4 5 6 7 8 10 12 14 15 | 15.5
Spellcasting   | 3 4 5 6 7 8 10 13 16 17 | 17.0
Stealth        | 5 |  5.0
Summonings     | 3 |  3.3
Earth Magic    | 1 5 6 9 10 11 13 | 13.0
Conjurations   | 4 5 6 9 10 | 10.0
Fire Magic     | 4 5 6 9 10 | 10.0
Evocations     | 4 6 7 8 |  8.5
Transmutations | 6 7 8 9 12 | 12.0
Unarmed Combat | 3 6 7 8 10 11 | 11.0
Dodging        | 4 8 10 12 13 | 13.2
Ice Magic      | 9 13 16 17 | 17.0
Necromancy     | |  4.0

Action                   |  1- 3 |  4- 6 |  7- 9 | 10-12 | 13-15 | 16-18 | 19-21 || total
-------------------------+-------+-------+-------+-------+-------+-------+-------++-------
Melee: Unarmed           |       |    62 |   173 |   211 |   574 |   656 |   261 ||  1937
       Bite              |       |     4 |    19 |    22 |    60 |    71 |    41 ||   217
       Punch             |       |       |       |     1 |    18 |    27 |    16 ||    62
       Tailslap          |       |       |       |       |       |       |     3 ||     3
 Cast: Pain              |    78 |   170 |   265 |    83 |       |       |       ||   596
       Vampiric Draining |       |    10 |    96 |   105 |    18 |       |       ||   229
       Bolt of Magma     |       |       |    31 |   245 |   182 |    93 |    21 ||   572
       Statue Form       |       |       |       |    43 |   116 |   156 |    91 ||   406
       Petrify           |       |       |       |       |   331 |   183 |    31 ||   545
       Irradiate         |       |       |       |       |     1 |    21 |    47 ||    69
       Blink             |       |       |       |       |     1 |     1 |     3 ||     5
       Iron Shot         |       |       |       |       |    15 |   356 |   321 ||   692
       Ozocubu's Refrige |       |       |       |       |       |    44 |   159 ||   203
       Dragon Form       |       |       |       |       |       |     1 |    17 ||    18
Invok: Potion Petition   |       |       |       |       |       |       |     1 ||     1
 Abil: End Transformatio |       |       |       |     2 |     5 |     2 |    17 ||    26
Evoke: Wand              |       |       |    12 |    30 |    21 |    39 |    16 ||   118
       Condenser vane    |       |       |       |       |     3 |     5 |     6 ||    14
       Box of beasts     |       |       |       |       |       |     2 |     2 ||     4
  Use: Scroll            |       |     7 |    12 |     9 |    14 |    10 |    17 ||    69
       Potion            |       |     5 |     3 |     4 |     4 |     6 |     5 ||    27
 Stab: Sleeping          |       |       |     2 |     1 |       |     1 |       ||     4
       Paralysed         |       |       |    10 |       |       |       |       ||    10
       Distracted        |       |       |       |     4 |     3 |     6 |     4 ||    17
       Petrified         |       |       |       |       |   197 |    71 |    11 ||   279
       Petrifying        |       |       |       |       |    41 |    49 |     8 ||    98
       Confused          |       |       |       |       |     1 |       |     6 ||     7
Armor: Skin              |     1 |    19 |    71 |   201 |   295 |   392 |   199 ||  1178
Dodge: Dodged            |    14 |   109 |   311 |   593 |  1501 |  2160 |   836 ||  5524
Block: Other             |       |       |       |    31 |   131 |       |       ||   162
       Reflection        |       |       |       |     1 |     9 |       |       ||    10
